 Dungeon Crawl Stone Soup version 0.30-a0-4-ga7cffc901d (webtiles) character file.

Game seed: 5956838996529305009

169 SensoryNuts the Chopper (level 5, -1/36 HPs)
             Began as a Demonspawn Fighter on Aug 20, 2022.
             Succumbed to a kobold's poison
             ... on level 4 of the Dungeon.
             The game lasted 00:03:29 (3154 turns).

SensoryNuts the Chopper (Demonspawn Fighter)        Turns: 3154, Time: 00:03:29

Health: -1/36      AC: 19    Str: 26    XL:     5   Next: 25%
Magic:  5/5        EV:  6    Int:  8    God:
Gold:   152        SH:  3    Dex:  6    Spells: 4/4 levels left

rFire   + + +      SeeInvis .    a - +0 war axe
rCold   . . .      Faith    .    c - +0 buckler
rNeg    . . .      Spirit   .    t - +1 plate armour {Will+}
rPois   .          Reflect  .    (no helmet)
rElec   .          Harm     .    (no cloak)
rCorr   .          Rampage  .    i - +1 pair of gloves of Distant Shores {rF+++ Str+8 Int-5 Dex-5}
Will    ++...                    s - +0 pair of boots
Stlth   ..........               (no amulet)
HPRegen 0.12/turn                f - +4 ring of protection
MPRegen 0.09/turn                (no ring)

@: lethally poisoned (-1 -> -8), attractive
A: big brain 2, demonic touch 1, clumsy 1, frail 1, strong-willed 1
a: no special abilities


You were on level 4 of the Dungeon.
You visited 1 branch of the dungeon, and saw 4 of its levels.

You collected 152 gold pieces.

Inventory:

Hand Weapons
 a - a +0 war axe (weapon)
Armour
 b - a +0 scale mail
 c - a +0 buckler (worn)
 i - the +1 pair of gloves of Distant Shores (worn) {rF+++ Str+8 Int-5 Dex-5}
   (You acquired it on level 2 of the Dungeon)

   Str:       It affects your strength (+8).
   Int:       It affects your intelligence (-5).
   Dex:       It affects your dexterity (-5).
   rF:        It renders you almost immune to fire.
 m - a +0 plate armour
 s - a +0 pair of boots (worn)
 t - a +1 plate armour of willpower (worn)
Jewellery
 f - a +4 ring of protection (left hand)
Wands
 o - a wand of iceblast (4)
Scrolls
 g - a scroll of amnesia
 h - 2 scrolls of teleportation
 j - a scroll of immolation
 l - 3 scrolls of fear
 q - a scroll of summoning {unknown}
Potions
 d - a potion of might
 e - a potion of flight
 k - a potion of haste
 p - a potion of degeneration {unknown}
 r - a potion of curing {unknown}


   Skills:
 - Level 3.0 Fighting
 * Level 4.9 Axes
 - Level 2.7 Armour
 - Level 2.8 Shields


You had 4 spell levels left.
You didn't know any spells.
Your spell library contained the following spells:

 Spells                   Type           Power      Damage    Failure   Level
 Sandblast                Erth           0%         2d4       100%        1
 Passwall                 Tmut/Erth      0%         N/A       100%        2
 Stone Arrow              Conj/Erth      0%         3d7       100%        3
 Summon Guardian Golem    Hex/Summ       0%         N/A       100%        3
 Orb of Destruction       Conj           0%         9d5       100%        7
 Spellforged Servitor     Conj/Summ      0%         N/A       100%        7


Dungeon Overview and Level Annotations

Branches:
Dungeon (4/15)
 Temple: D:4-7

Altars:
Ru

Annotations:
D:4 Edmund


Innate Abilities, Weirdness & Mutations

You have an extremely huge brain. (Int +4)
Your touch may inflict minor irresistible damage on your foes.
You are clumsy. (Dex -2)
You are frail. (-10% HP)
You are strong-willed. (Will+)


Message History

You hit Edmund.
Edmund is heavily wounded.
You closely miss the orc wizard. You hit the orc.
The orc hits you but does no damage.
The orc wizard casts a spell.
The orc wizard flickers and vanishes!
Deactivating autopickup; reactivate with Ctrl-A.
A kobold comes into view.
It is wielding a +0 short sword and quivering poisoned darts.
Edmund hits you with a +2 flail of holy wrath!
You convulse!
Something hits you but does no damage. Edmund hits you but does no damage.
The orc barely misses you.
You closely miss Edmund.
Edmund is heavily wounded.
The kobold shouts!
You hit something. You closely miss the orc.
The orc hits you but does no damage. Something hits you but does no damage.
Edmund barely misses you.
You barely miss Edmund.
Edmund is heavily wounded.
You miss something. You slash the orc!
You kill the orc!
Something hits you but does no damage.
Edmund says, "People think my brother is the best.
I think he's crazy."
Edmund hits you with a +2 flail of holy wrath.
* * * LOW HITPOINT WARNING * * *
You convulse.
* * * LOW HITPOINT WARNING * * *
Okay, then.
The kobold throws a poisoned dart.
The poisoned dart hits you!
You are lethally poisoned!
* * * LOW HITPOINT WARNING * * *
You feel sick. Something hits you but does no damage.
Edmund hits you with a +2 flail of holy wrath.
* * * LOW HITPOINT WARNING * * *
You convulse.
* * * LOW HITPOINT WARNING * * *
There is a stone staircase leading up here.
It was a potion of attraction.
You feel attractive to monsters.
You die...

..............
.............#
............?#
.............#
......$......#
.............#
.......)))...#
#.{)...#
#@@..?.#
#....K..#
+..........
##.........
#.........
..........
..........
#...##.##


You could see Edmund and a kobold.

Vanquished Creatures
  An orc priest (D:3)
  3 adders
  A worm (D:2)
  5 dart slugs
  7 orcs
  8 ball pythons
  5 bats
  6 endoplasms
  6 giant cockroaches
  8 goblins
  8 hobgoblins
  6 jackals
  8 kobolds
  2 quokkas
  3 frilled lizards
  5 rats
82 creatures vanquished.

Notes
Turn   | Place    | Note
-------+----------+-------------------------------------------
     0 | D:1      | SensoryNuts the Demonspawn Fighter began the quest for the
                  | Orb.
     0 | D:1      | Reached XP level 1. HP: 18/18 MP: 1/1
    69 | D:1      | Reached skill level 2 in Axes
   129 | D:1      | Gained mutation: You have an unusually large brain. (Int
                  | +2) [demonic ancestry]
   129 | D:1      | Reached XP level 2. HP: 21/24 MP: 2/2
   541 | D:1      | Reached skill level 3 in Axes
   541 | D:1      | Gained mutation: Your touch may inflict minor irresistible
                  | damage on your foes. [demonic ancestry]
   541 | D:1      | Reached XP level 3. HP: 29/29 MP: 3/3
   817 | D:1      | Gained mutation: You are clumsy. (Dex -2) [potion of
                  | mutation]
   817 | D:1      | Gained mutation: You are strong-willed. (Will+) [potion of
                  | mutation]
   817 | D:1      | Gained mutation: You are frail. (-10% HP) [potion of
                  | mutation]
  1082 | D:2      | Gained mutation: You have an extremely huge brain. (Int +4)
                  | [demonic ancestry]
  1082 | D:2      | Reached XP level 4. HP: 31/31 MP: 4/4
  1117 | D:2      | Found a sacrificial altar of Ru.
  1657 | D:2      | Identified a scroll of acquirement
  1657 | D:2      | Acquired the +1 pair of gloves of Distant Shores {rF+++
                  | Str+8 Int-5 Dex-5}
  2109 | D:3      | Reached skill level 4 in Axes
  2575 | D:3      | Reached XP level 5. HP: 29/36 MP: 5/5
  3137 | D:4      | Noticed Edmund
  3153 | D:4      | HP: 1/36 [Edmund/+2 flail of holy wrath (1)]
  3154 | D:4      | Succumbed to a kobold's poison

Illustrated notes

Levels and vault maps discovered:
D:1:      evilmike_arrival_fibonacci_small, layout_basic, minmay_tripent
D:2:      layout_basic, basic_altar, grunt_decor_resistance, grunt_ministairs_12
D:3:      minmay_octagon_keep, layout_basic, grunt_decor_one_mirror
D:4:      layout_gridville, nicolae_overflow_crystal_walls,
          ebering_ghost_inner_flame, dk_noncrumbling_2,
          nicolae_shop_i_like_big_books, dk_noncrumbling_3,
          guppyfry_early_lair_pool, uniq_edmund, uniq_robin, uniq_natasha

Skill      XL: |  1  2  3  4 |
---------------+-------------+-----
Axes           | 2 3 4 |  4.9
Fighting       | |  3.0
Armour         | |  2.7
Shields        | |  2.8

Action                   |  1- 3 |  4- 6 || total
-------------------------+-------+-------++-------
Melee: War axe           |    96 |   127 ||   223
  Use: Scroll            |     4 |     3 ||     7
       Potion            |     2 |     1 ||     3
Armor: Scale mail        |    56 |     1 ||    57
       Plate armour      |       |   115 ||   115
Dodge: Dodged            |    47 |    53 ||   100
Block: Buckler           |    19 |    27 ||    46

Table legend: (Time is in decaauts)
 A = Elapsed time spent in this place.
 B = Non-inter-level travel time spent in this place.
 C = Inter-level travel time spent in this place.
 D = Time resting spent in this place.
 E = Time spent auto-exploring this place.
 F = Levels seen in this place.
 G = Mean time per level.
                   A        B        C        D        E       F      G
               +--------+--------+--------+--------+--------+-----+--------+
         Total |   3212 |   3082 |    130 |    300 |   2220 |   4 |  803.0 |
       Dungeon |   3212 |   3082 |    130 |    300 |   2220 |   4 |  803.0 |
               +--------+--------+--------+--------+--------+-----+--------+

Top non-repeatable levels by time:
     D:3: 1196 daAuts
     D:2: 1122 daAuts
     D:1: 872 daAuts
     D:4: 21 daAuts
